Unix NetHack Version 3.7.0-101 Work-in-progress - last build Mar 4 2024 02:26:32 (3c4ac04b664b9ee0831c739617f054b5b60dbfd1,branch:master). Game began 2024-03-24 10:26:18, ended 2024-03-24 10:34:41. elenmirie, neutral female gnomish Archeologist --Z. |@:. --.0 Elenmirie the Field Worker St:15 Dx:10 Co:12 In:14 Wi:17 Ch:10 Neutral Dlvl:5 $:355 HP:0(26) Pw:16(16) AC:6 Xp:3/46 T:1378 Latest messages: The dwarf zombie hits! You hit the dwarf zombie. The dwarf zombie hits! You miss the dwarf zombie. You hit the dwarf zombie. The dwarf zombie hits! You hit the dwarf zombie. You miss the dwarf zombie. The dwarf zombie hits! Are you sure you want to pray? [yn] (n) y You begin praying to Camaxtli. You are surrounded by a shimmering light. The dwarf zombie starts to attack you, but pulls back. The dwarf zombie starts to attack you, but pulls back. The dwarf zombie starts to attack you, but pulls back. The jackal starts to attack you, but pulls back. The dwarf zombie starts to attack you, but pulls back. You finish your prayer. You feel that Camaxtli is pleased. You feel much better. You destroy the dwarf zombie! The jackal bites! The dwarf zombie hits! You hit the jackal. The jackal bites! You kill the jackal! You hit the dwarf zombie. You hit the dwarf zombie. The dwarf zombie hits! You miss the dwarf zombie. The dwarf zombie hits! You hit the dwarf zombie. The dwarf zombie hits! You hit the dwarf zombie. The dwarf zombie hits! You miss the dwarf zombie. The iguana bites! You hit the dwarf zombie. You hit the dwarf zombie. The iguana bites! You feel more confident in your fighting skills. (Use the #enhance command to advance them.) You hit the dwarf zombie. The iguana bites! You die... Do you want your possessions identified? [ynq] (y) y Do you want to see your attributes? [ynq] (y) y Do you want an account of creatures vanquished? [ynaq] (y) y Do you want to see your conduct and achievements? [ynq] (y) y Do you want to see the dungeon overview? [ynq] (y) y Inventory: Coins $ - 355 gold pieces Weapons E - an uncursed +0 crossbow bolt C - an uncursed +0 shuriken H - an uncursed +0 dagger F - an uncursed +0 dwarvish spear a - an uncursed +2 bullwhip (alternate weapon; not wielded) Armor c - an uncursed +0 fedora p - an uncursed +0 orcish helm (being worn) n - an uncursed +0 pair of high boots (being worn) i - a cursed -1 cloak of displacement (being worn) b - an uncursed +0 leather jacket (being worn) Comestibles G - 2 uncursed ancient fruitcakes u - 2 uncursed cram rations d - 5 uncursed food rations m - an uncursed tripe ration Rings x - an uncursed +2 ring of gain strength (on right hand) Tools w - an uncursed sack containing 8 items s - an uncursed tin whistle t - an uncursed tinning kit (0:30) Gems/Stones y - 2 uncursed amethyst stones q - an uncursed obsidian stone g - an uncursed touchstone Contents of the sack: a blessed scroll of confuse monster an uncursed scroll of confuse monster an uncursed scroll of enchant weapon a blessed scroll of teleportation an uncursed scroll of teleportation a blessed potion of enlightenment an uncursed potion of fruit juice an uncursed +0 pick-axe Elenmirie the Archeologist's attributes: Background: You were a Field Worker, a level 3 female gnomish Archeologist. You were neutral, on a mission for Camaxtli who was opposed by Quetzalcoatl (lawful) and Huhetotl (chaotic). You were right-handed. You were in the Gnomish Mines, on level 5. You entered the dungeon 1378 turns ago. There was a full moon in effect when your adventure ended. You had 46 experience points, 34 more were needed to attain level 4. Basics: You had 0 out of 26 hit points. You had all 16 energy points (spell power). Your armor class was 6. Your wallet contained 355 zorkmids. Autopickup was on for '$' plus thrown. Final Characteristics: Your strength was 15 (base:13, limit:18/50). Your dexterity was 10 (limit:18). Your constitution was 12 (limit:18). Your intelligence was 14 (limit:19). Your wisdom was 17 (limit:18). Your charisma was 10 (limit:18). Final Status: You weren't hungry. You were unencumbered. You were bare handed. You were unskilled in bare handed combat and could have enhanced that. Final Attributes: You were devoutly aligned. You had automatic searching. You had infravision. You were displaced. You were warded. You were lucky. You are dead. Miscellaneous: You never encountered a bones level. Total elapsed playing time was 8 minutes and 18 seconds. Major events: Turn 1: elenmirie the neutral female gnomish Archeologist entered the dungeon 481: found Frost Brand in a shop 1096: entered the Gnomish Mines 1345: attained the rank of Field Worker (level 3) 1378: killed by an iguana Vanquished creatures: 2 dwarves an orc zombie a dwarf zombie a brown mold 2 gnomes 2 geckos 4 jackals 3 foxes 4 goblins a sewer rat 4 grid bugs 7 lichens a kobold zombie 3 newts 36 creatures vanquished. No species were genocided or became extinct. Voluntary challenges: You followed a strict vegan diet. You were illiterate. You never engraved Elbereth. You never genocided any monsters. You never polymorphed an object. You never changed form. You used no wishes. Achievements: You entered a shop. You entered the Gnomish Mines. You attained the rank of Field Worker. The Dungeons of Doom: levels 1 to 2 Level 1: Level 2: Stairs down to The Gnomish Mines. The Gnomish Mines: levels 3 to 5 Level 3: Level 5: <- You were here. Final resting place for you, killed by an iguana. Game over: ---------- / \ / REST \ / IN \ / PEACE \ / \ | elenmirie | | 355 Au | | killed by an | | iguana | | | | | | 2024 | *| * * * | * _________)/\\_//(\/(/\)/\//\/|_)_______ Goodbye elenmirie the Archeologist... You died in The Gnomish Mines on dungeon level 5 with 704 points, and 355 pieces of gold, after 1378 moves. You were level 3 with a maximum of 26 hit points when you died.